 Dungeon Crawl Stone Soup version 0.24.0-13-gcf9b3192b9 (webtiles) character file.

Game seed: 17964420217611083493, levelgen mode: deterministic

5821 Brecoman the Destroyer (level 10, 0/64 HPs)
             Began as a Tengu Air Elementalist on Nov 7, 2019.
             Was a Priest of Ru.
             Slain by a yak (14 damage)
             ... on level 9 of the Dungeon.
             The game lasted 00:29:00 (10050 turns).

Brecoman the Destroyer (Tengu Air Elementalist)    Turns: 10050, Time: 00:29:00

Health: 0/64       AC:  3    Str: 11    XL:     10   Next: 80%
Magic:  16/22      EV: 16    Int: 18    God:    Ru [***...]
Gold:   551        SH:  5    Dex: 15    Spells: 9/24 levels left

rFire    . . .     SeeInvis .   y - +0 whip (elec)
rCold    . . .     Gourm    .   r - +0 buckler
rNeg     . . .     Faith    .   a - +0 robe
rPois    .         Spirit   .   (helmet restricted)
rElec    .         Reflect  .   u - scarf {cloud immunity}
rCorr    .         Harm     .   w - +0 pair of gloves
MR       .....                  (boots unavailable)
Stlth    ++........             t - amulet of regeneration
HPRegen  0.00/turn              k - +2 ring of strength
MPRegen  0.18/turn              (no ring)

@: flying quickly and evasively, lightly drained, quick
A: beak, talons 3, inhibited regeneration, inability to use devices, able to fly
a: Stop Flying, Draw Out Power, Renounce Religion


You were on level 9 of the Dungeon.
You worshipped Ru.
Ru was most pleased with you.
You were not hungry.

You visited 2 branches of the dungeon, and saw 10 of its levels.

You collected 551 gold pieces.

Inventory:

Hand Weapons
 n - a +1 trident
 y - a +0 whip of electrocution (weapon)
Missiles
 l - 263 stones (quivered)
 m - a throwing net
Armour
 a - a +0 robe (worn)
 r - a +0 buckler (worn)
 u - a scarf of cloud immunity (worn)
 w - a +0 pair of gloves (worn)
Jewellery
 k - a +2 ring of strength (left hand)
 t - an amulet of regeneration (around neck)
 A - an uncursed amulet of faith
Wands
 C - a wand of flame (17)
Scrolls
 b - a scroll of fog
 e - 4 scrolls of remove curse
 f - 3 scrolls of amnesia
 g - 8 scrolls of identify
 i - 2 scrolls of enchant weapon
 j - 3 scrolls of teleportation
 s - 3 scrolls of blinking {unknown}
 B - a scroll of enchant armour {unknown}
 D - a scroll of silence {unknown}
Potions
 d - a potion of haste {unknown}
 h - 3 potions of degeneration {unknown}
 o - 2 potions of heal wounds {unknown}
 p - a potion of lignification {unknown}
 q - 3 potions of curing {unknown}
 v - a potion of ambrosia {unknown}
 x - 2 potions of invisibility {unknown}
 z - 3 potions of mutation {unknown}
Comestibles
 c - 14 rations
 E - a chunk of flesh


   Skills:
 + Level 7.7(7.5) Fighting
 + Level 3.9(3.7) Dodging
 - Level 2.0(1.8) Stealth
 - Level 4.3(4.1) Shields
 + Level 7.5(7.3) Spellcasting
 + Level 10.1(9.9) Conjurations
 - Level 9.1(8.9) Air Magic


You had 9 spell levels left.
You knew the following spells:

 Your Spells              Type           Power        Failure   Level  Hunger
a - Shock                 Conj/Air       ####         1%          1    None
b - Airstrike             Air            #####.....   2%          4    ###....
c - Static Discharge      Conj/Air       #####...     1%          3    #......
d - Swiftness             Chrm/Air       ###.....     2%          2    None
e - Lightning Bolt        Conj/Air       #####.....   6%          5    #####..

Your spell library contained the following spells:

 Spells                   Type           Power        Failure   Level  Hunger
 Iskenderun's Battlesphe  Conj/Chrm      ###.....     36%         5    #####..
 Venom Bolt               Conj/Pois      ###.......   36%         5    #####..
 Bolt of Magma            Conj/Fire/Erth ###.......   58%         5    #####..
 Orb of Destruction       Conj           #####.....   83%         7    #######
 Iron Shot                Conj/Erth      ###.......   91%         6    ######.
 Spellforged Servitor     Conj/Summ      ###.......   100%        7    #######


Dungeon Overview and Level Annotations

Branches:
Dungeon (9/15)             Temple (1/1) D:4            Lair (0/6) D:8
    Orc: D:9-12

Altars:
Ashenzari
Cheibriados
Dithmenos
Elyvilon
Fedhas
Gozag
Hepliaklqana
Kikubaaqudgha
Makhleb
Nemelex Xobeh
Okawaru
Qazlal
Ru
Sif Muna
Trog
Uskayaw
Vehumet
Wu Jian
Xom
Yredelemnul
Zin
The Shining One

Shops:
D:5 =

Annotations:
D:9 exclusion: two-headed ogre


Innate Abilities, Weirdness & Mutations

You have a beak for a mouth.
You have claws for feet.
You do not regenerate when monsters are visible.
You cannot study or use magical devices.
You can fly continuously.


Message History

You start resting.
Eating one of 2 chunks of flesh.
You eat one of the 2 chunks of flesh.
This raw flesh tastes terrible.
HP restored.
You start resting.
You feel less exhausted.
You fly downwards.
Level annotation: exclusion: two-headed ogre The two-headed ogre hits you with a +0 giant club!!
You focus your will and blind the two-headed ogre in retribution!
You block the two-headed ogre's attack. The yak gores you!
The bullfrog zombie is stunned by your will and fails to attack.
The yak gores you! The bullfrog zombie hits you!
* * * LOW HITPOINT WARNING * * *
The two-headed ogre closely misses you. You block the two-headed ogre's attack.
There is a stone staircase leading up, spattered with blood here.
Okay, then.
Okay, then.
Okay, then.
The bullfrog zombie misses you. The yak gores you!
You die...

#....'...........+
#..###<.........(######
#. ##'#.............# #
#....#.#####)......#
#.###### ###.......# O.
...........# ...
###.......## ..
#Z......####### .
#@O...........#
#Y.......####+#
###........# #
.........<..# ..#
..####....†.###...Y#
###........Y..#
#.#####.....# #(# ...##
#.# ###


You could see a two-headed ogre (blind), a yak and a bullfrog zombie.

Vanquished Creatures
  A hydra (D:8)
  A two-headed ogre (D:8)
  Pikel (D:6)
  2 dream sheep (D:8)
  2 hippogriffs
  7 yaks
  Menkaure (D:7)
  5 orc warriors
  2 ice beasts
  3 ogres
  3 big kobolds (D:8)
  2 scorpions
  2 crimson imps (D:5)
  2 bullfrog zombies
  A jelly (D:9)
  4 orc priests
  2 hounds
  A bullfrog skeleton (D:9)
  5 orc wizards
  6 worker ants
  A hound skeleton (D:7)
  A worker ant zombie (D:5)
  Robin (D:4)
  3 gnolls (D:3)
  9 adders
  A shadow imp (D:7)
  An adder skeleton (D:6)
  3 adder zombies
  5 worms
  3 dart slugs
  4 leopard geckos
  32 orcs
  8 giant cockroaches
  13 goblins
  10 hobgoblins
  6 jackals
  7 kobolds
  8 quokkas
  6 bats
  3 frilled lizards
  8 rats
186 creatures vanquished.

Vanquished Creatures (others)
  2 slaves (D:7)
  An ogre (D:7)
  2 orcs (D:7)
5 creatures vanquished.

Grand Total: 191 creatures vanquished

Notes
Turn   | Place    | Note
-------+----------+-------------------------------------------
     0 | D:1      | Brecoman the Tengu Air Elementalist began the quest for the
                  | Orb.
     0 | D:1      | Reached XP level 1. HP: 10/10 MP: 4/4
   296 | D:1      | Reached XP level 2. HP: 16/16 MP: 4/6
   504 | D:1      | Reached skill level 2 in Conjurations
   693 | D:1      | Reached skill level 1 in Fighting
   753 | D:2      | Reached XP level 3. HP: 20/20 MP: 3/7
  1114 | D:2      | Reached XP level 4. HP: 16/26 MP: 1/8
  1516 | D:2      | Reached skill level 3 in Conjurations
  1596 | D:2      | Reached skill level 5 in Air Magic
  1779 | D:2      | Gained mutation: You can fly continuously. [Tengu growth]
  1779 | D:2      | Reached XP level 5. HP: 30/30 MP: 3/10
  2305 | D:3      | Found a bloodstained altar of Trog.
  3033 | D:4      | Noticed an ogre
  3040 | D:4      | Killed an ogre
  3040 | D:4      | Reached skill level 1 in Shields
  3040 | D:4      | Reached XP level 6. HP: 36/36 MP: 4/11
  3176 | D:3      | Reached skill level 4 in Conjurations
  3615 | D:3      | Learned a level 4 spell: Airstrike
  3683 | D:3      | Learned a level 3 spell: Static Discharge
  3686 | D:3      | Learned a level 2 spell: Swiftness
  3889 | D:4      | Noticed Robin
  3898 | D:4      | Killed Robin
  4021 | D:4      | Noticed a hippogriff
  4025 | D:4      | Killed a hippogriff
  4025 | D:4      | Reached XP level 7. HP: 34/41 MP: 0/13
  4132 | D:4      | Found a staircase to the Ecumenical Temple.
  4156 | Temple   | Entered the Ecumenical Temple
  4304 | Temple   | Became a worshipper of Ru the Awakened
  4646 | D:5      | Entered Level 5 of the Dungeon
  5025 | D:5      | Found Soicziec's Jewellery Shoppe.
  5070 | D:5      | Reached skill level 5 in Conjurations
  5206 | D:5      | Reached XP level 8. HP: 48/48 MP: 2/15
  5545 | D:5      | Gained mutation: You do not regenerate when monsters are
                  | visible. [Ru sacrifice]
  5605 | D:5      | Found a stormy altar of Qazlal.
  5727 | D:6      | Found a blossoming altar of Fedhas.
  5990 | D:6      | Found a burning altar of Makhleb.
  5993 | D:6      | Found a blossoming altar of Fedhas.
  5996 | D:6      | Found a shimmering blue altar of Sif Muna.
  6732 | D:6      | Reached skill level 6 in Conjurations
  6927 | D:7      | Noticed Pikel
  6942 | D:6      | Killed Pikel
  6942 | D:6      | Reached skill level 5 in Fighting
  6942 | D:6      | Reached skill level 5 in Spellcasting
  6942 | D:6      | Reached XP level 9. HP: 33/54 MP: 7/17
  7063 | D:7      | Found a glowing silver altar of Zin.
  7127 | D:7      | Reached skill level 7 in Conjurations
  7455 | D:7      | Noticed Menkaure
  7547 | D:7      | Killed Menkaure
  8180 | D:8      | Found a staircase to the Lair.
  8928 | D:8      | Reached skill level 8 in Conjurations
  8942 | D:8      | Reached XP level 10. HP: 41/61 MP: 6/20
  9051 | D:8      | Learned a level 5 spell: Lightning Bolt
  9057 | D:8      | Noticed a three-headed hydra
  9064 | D:8      | Killed a three-headed hydra
  9064 | D:8      | Reached skill level 9 in Conjurations
  9218 | D:9      | Noticed a two-headed ogre
  9366 | D:9      | Gained mutation: You cannot study or use magical devices.
                  | [Ru sacrifice]
  9366 | D:9      | Reached * piety under Ru
  9366 | D:9      | Reached ** piety under Ru
  9366 | D:9      | Reached *** piety under Ru
  9592 | D:8      | Found a staircase to the Lair.
  9595 | D:8      | Killed a two-headed ogre
  9728 | D:9      | Noticed a two-headed ogre
 10017 | D:9      | Reached skill level 10 in Conjurations
 10022 | D:9      | Noticed a two-headed ogre
 10050 | D:9      | Slain by a yak

Levels and vault maps discovered:
D:1:      lightli_arrival_statue_moat, layout_rooms, minmay_strange_pillars
D:2:      cheibrodos_pilgrimage, layout_loops_corners
D:3:      layout_loops_ring, old_standard_altar
D:4:      layout_cave_pools, minmay_temple_entry_slanted, first_ration,
          uniq_robin
D:5:      layout_rooms, nicolae_qazlal_eye_of_the_storm, serial_shops,
          shop_fountains, grunt_ministairs_6
D:6:      layout_basic, grunt_temple_overflow_diamond, serial_curves,
          eino_curves_04, eino_curves_03, eino_curves_01, eino_curves_03,
          fedhas_altar_1
D:7:      layout_rooms, zin_statuary, hangedman_minor_gate_pass, uniq_pikel,
          uniq_menkaure
D:8:      layout_basic, lair_entry_dummy, hangedman_ranch
          [blue_anna_fruit_fields], ebering_dispersal_statue_hall
D:9:      layout_basic
Temple:   regret_index_temple_sphere_string

Skill      XL: |  1  2  3  4  5  6  7  8  9 10 |
---------------+-------------------------------+-----
Conjurations   | 2 3 4 5 6 8 10 | 10.1
Fighting       | 1 2 3 5 6 7 |  7.7
Air Magic      | 5 6 8 9 |  9.1
Spellcasting   | 3 4 5 6 7 |  7.5
Shields        | 1 2 4 |  4.3
Dodging        | 3 |  3.9
Stealth        | |  2.0

Action                   |  1- 3 |  4- 6 |  7- 9 | 10-12 || total
-------------------------+-------+-------+-------+-------++-------
Melee: Kick              |     2 |     7 |    17 |     6 ||    32
       Unarmed           |     2 |       |       |       ||     2
       Trident           |       |    53 |    27 |       ||    80
       Peck              |       |     5 |    11 |     2 ||    18
       Whip              |       |       |    45 |    29 ||    74
 Cast: Shock             |    57 |   128 |    49 |    15 ||   249
       Airstrike         |       |     5 |    71 |    20 ||    96
       Static Discharge  |       |       |     3 |       ||     3
       Swiftness         |       |       |     2 |       ||     2
       Lightning Bolt    |       |       |       |     8 ||     8
Invok: Sacrifice Purity  |       |       |     1 |       ||     1
       Draw Out Power    |       |       |       |     1 ||     1
       Sacrifice Artific |       |       |       |     1 ||     1
 Abil: Fly               |       |       |     1 |       ||     1
  Use: Scroll            |       |       |     8 |       ||     8
 Stab: Sleeping          |       |     1 |     1 |       ||     2
  Eat: Chunk             |     1 |    10 |    20 |    10 ||    41
       Ration            |       |       |     2 |       ||     2
Armor: Robe              |     6 |     5 |     4 |     5 ||    20
Dodge: Dodged            |     7 |    64 |    59 |    31 ||   161
Block: Buckler           |       |       |    15 |    14 ||    29
